[Event "Titled Tuesday Blitz July 25 Early 2023"]
[White "Marek, Matyas"]
[Black "Aravindh, Chithambaram VR."]
[WhiteFideId "335398"]
[BlackFideId "5072786"]
[WhiteElo "2702"]
[BlackElo "2918"]
[Result "1-0"]
[Round "7"]
[TimeControl "180+2"]
[Date "2023.07.25"]
[WhiteClock "0:00:25"]
[BlackClock "0:00:13"]
[Board "36"]

1. Nf3 g6 2. g3 Bg7 3. Bg2 e5 4. O-O Ne7 5. d3 O-O 6. e4 Nbc6 7. c3 d5 8. Nbd2 h6 9. Re1 Be6 10. Qc2 f5 11. b4 dxe4 12. dxe4 f4 13. Bb2 g5 14. Nb3 Ng6 15. Nc5 Bc8 16. Qb3+ Kh7 17. Ne6 Qe7 18. Nxf8+ Nxf8 19. b5 Nd8 20. Ba3 Qe8 21. Rad1 Ng6 22. Qc4 Ne6 23. Bh3 a6 24. b6 cxb6 25. Bf5 b5 26. Qd5 Nf8 27. Bxf8 Qxf8 28. Bxg6+ Kxg6 29. Nxe5+ Kh7 30. Nd7 Bxd7 31. Qxd7 Qc5 32. Qf5+ Qxf5 33. exf5 Bxc3 34. Re7+ Kg8 35. Rxb7 Re8 36. Kg2 b4 37. gxf4 gxf4 38. Kf3 a5 39. Kxf4 a4 40. Kg4 Rf8 41. Rd6 Ra8 42. Rg6+ Kf8 43. Rc6 Kg8 44. Kh5 Rf8 45. Kg6 Kh8 46. f6 Rg8+ 47. Rg7 Rf8 48. Rh7+ Kg8 49. f7+ Rxf7 50. Rxf7 Bh8 51. Rc8# 1-0


[Site "https://www.chess.com"]

[Event "Titled Tuesday Blitz July 25 Early 2023"]
[White "Harsha Bharathakoti"]
[Black "Djokic, Mihailo"]
[WhiteFideId "5078776"]
[BlackFideId "976440"]
[WhiteElo "2864"]
[BlackElo "2700"]
[Result "1-0"]
[Round "7"]
[TimeControl "180+2"]
[Date "2023.07.25"]
[WhiteClock "0:00:45"]
[BlackClock "0:01:36"]
[Board "37"]

1. c4 e5 2. Nc3 Nc6 3. Nf3 Nf6 4. e3 Bb4 5. Qc2 a5 6. Nd5 Bc5 7. a3 O-O 8. Be2 d6 9. Nc3 Ba7 10. O-O Re8 11. d3 Bd7 12. b3 Ne7 13. Bb2 Ng6 14. Rfe1 Qc8 15. Rac1 Bc6 16. h3 Bd7 17. Kh2 c6 18. Ne4 Bb8 19. Nxf6+ gxf6 20. e4 Nf4 21. Bf1 f5 22. Qd2 Qd8 23. g3 Ng6 24. Qh6 Qf6 25. d4 fxe4 26. Ng5 Qxf2+ 27. Bg2 Nf8 28. Rf1 Qxb2 29. Rxf7 Qxc1 30. Qg7# 1-0


[Site "https://www.chess.com"]

[Event "Titled Tuesday Blitz July 25 Early 2023"]
[White "Kushagra Mohan"]
[Black "Rendle, Thomas E"]
[WhiteFideId "25033638"]
[BlackFideId "408760"]
[WhiteElo "2856"]
[BlackElo "2685"]
[Result "1-0"]
[Round "7"]
[TimeControl "180+2"]
[Date "2023.07.25"]
[WhiteClock "0:00:27"]
[BlackClock "0:00:06"]
[Board "38"]

1. e4 e6 2. d4 d5 3. Nd2 Be7 4. c3 c5 5. Ngf3 Nf6 6. e5 Nfd7 7. Be2 Nc6 8. O-O a5 9. Re1 cxd4 10. cxd4 g5 11. g4 h5 12. h3 hxg4 13. hxg4 Nf8 14. Nf1 Ng6 15. Ng3 Bd7 16. Nh5 Qb6 17. Be3 Nf4 18. Nf6+ Bxf6 19. exf6 O-O-O 20. Nxg5 Nh3+ 21. Kg2 Nxg5 22. Bxg5 Rdg8 23. Be3 Qxb2 24. Rb1 Qa3 25. Qb3 Qxb3 26. Rxb3 e5 27. f3 exd4 28. Bf4 Rg6 29. g5 Rh4 30. Kg3 Rh3+ 31. Kf2 Rh4 32. Bg3 Rh8 33. Reb1 Nb4 34. a3 Bf5 35. Rc1+ Nc6 36. Rxc6+ bxc6 37. Ba6+ Kd7 38. Rb7+ Kd8 39. Rb8+ Kd7 40. Rxh8 Rxg5 41. Bc8# 1-0


[Site "https://www.chess.com"]

[Event "Titled Tuesday Blitz July 25 Early 2023"]
[White "Moroni, Luca Jr"]
[Black "brm72"]
[WhiteFideId "865834"]
[WhiteElo "2853"]
[BlackElo "2669"]
[Result "0-1"]
[Round "7"]
[TimeControl "180+2"]
[Date "2023.07.25"]
[WhiteClock "0:00:25"]
[BlackClock "0:00:15"]
[Board "39"]

1. g4 d5 2. Bg2 Bxg4 3. c4 dxc4 4. Bxb7 Nd7 5. Qa4 Nf6 6. Qxc4 Rb8 7. Bg2 e6 8. Nf3 Bd6 9. Nc3 O-O 10. d4 c5 11. dxc5 Nxc5 12. Bg5 Rb4 13. Qxb4 Nd3+ 14. exd3 Bxb4 15. O-O h6 16. Bh4 Qxd3 17. Ne5 Qf5 18. Nxg4 Nxg4 19. Bg3 Bxc3 20. bxc3 Rc8 21. Rfc1 Ne5 22. Rab1 Nf3+ 23. Kh1 g5 24. c4 h5 25. c5 h4 26. Bd6 h3 27. Bf1 e5 28. Rb4 Nd2 29. Kg1 Qf3 30. Rb3 Nxb3 31. axb3 Qxb3 32. Bxe5 Qd5 33. Bd6 Qxd6 34. cxd6 Rxc1 35. d7 Rd1 0-1


[Site "https://www.chess.com"]

[Event "Titled Tuesday Blitz July 25 Early 2023"]
[White "Ilamparthi A R"]
[Black "Shuvalova, Polina"]
[WhiteFideId "45015775"]
[BlackFideId "24171760"]
[WhiteElo "2845"]
[BlackElo "2667"]
[Result "1-0"]
[Round "7"]
[TimeControl "180+2"]
[Date "2023.07.25"]
[WhiteClock "0:01:33"]
[BlackClock "0:00:16"]
[Board "40"]

1. e4 c6 2. d3 d5 3. Nd2 e5 4. Ngf3 Bd6 5. d4 exd4 6. exd5 cxd5 7. Nxd4 Nf6 8. Bb5+ Bd7 9. Qe2+ Qe7 10. Bxd7+ Nbxd7 11. Nf5 Qxe2+ 12. Kxe2 Bf8 13. Re1 O-O-O 14. Kf1 g6 15. Ne7+ Kc7 16. Nf3 Bg7 17. Bf4+ Kb6 18. Rad1 Nc5 19. Be3 a5 20. a3 Kb5 21. Nd4+ Ka6 22. b4 axb4 23. axb4 Na4 24. b5+ Ka5 25. Rb1 Ne4 26. Ndc6+ bxc6 27. Nxc6# 1-0


[Site "https://www.chess.com"]

[Event "Titled Tuesday Blitz July 25 Early 2023"]
[White "Oro, Faustino"]
[Black "Oleksiyenko, Mykhaylo"]
[WhiteFideId "20000197"]
[BlackFideId "4152417"]
[WhiteElo "2844"]
[BlackElo "2665"]
[Result "0-1"]
[Round "7"]
[TimeControl "180+2"]
[Date "2023.07.25"]
[WhiteClock "0:00:05"]
[BlackClock "0:00:46"]
[Board "41"]

1. Nf3 d5 2. e3 Nf6 3. b3 e6 4. Bb2 b6 5. Be2 Bb7 6. O-O Nbd7 7. c4 Bd6 8. d4 O-O 9. Nc3 a6 10. Rc1 Qe7 11. cxd5 exd5 12. Qc2 Rfe8 13. Rfd1 Rac8 14. Bf1 Ne4 15. g3 Nxc3 16. Bxc3 h6 17. Bg2 Nf6 18. Nh4 Qd7 19. Bb2 Ne4 20. Nf3 Qe7 21. Qd3 a5 22. Qc2 c5 23. dxc5 bxc5 24. Nh4 Qe6 25. Qe2 a4 26. Qh5 axb3 27. axb3 Be5 28. Ba3 Qf6 29. Qf3 Qa6 30. Ra1 Bxa1 31. Rxa1 Qf6 32. Rc1 Qxf3 33. Nxf3 d4 34. exd4 cxd4 35. Rxc8 Rxc8 36. Nxd4 Ra8 37. Nb5 Ra5 38. Nd6 Nxd6 39. Bxd6 Ra1+ 0-1


[Site "https://www.chess.com"]

[Event "Titled Tuesday Blitz July 25 Early 2023"]
[White "Harsh Suresh"]
[Black "Manelyuk, Daniil"]
[WhiteFideId "45018464"]
[BlackFideId "44173920"]
[WhiteElo "2839"]
[BlackElo "2664"]
[Result "1/2-1/2"]
[Round "7"]
[TimeControl "180+2"]
[Date "2023.07.25"]
[WhiteClock "0:00:02"]
[BlackClock "0:00:27"]
[Board "42"]

1. e4 c6 2. Nf3 d5 3. Nc3 dxe4 4. Nxe4 Nf6 5. Qe2 Nxe4 6. Qxe4 Qd5 7. Qh4 Qe6+ 8. Be2 Qg4 9. Qg3 Qxg3 10. hxg3 Nd7 11. d4 Nf6 12. Bd3 h6 13. a4 Be6 14. a5 O-O-O 15. c3 Nd5 16. Ne5 f6 17. Ng6 Rg8 18. Bd2 Bf7 19. O-O e6 20. Nxf8 Rgxf8 21. Rfe1 h5 22. f3 g5 23. Kf2 a6 24. c4 Nc7 25. Bc3 Kb8 26. Bc2 Rd7 27. Re2 Rfd8 28. d5 e5 29. dxc6 bxc6 30. b3 Ne6 31. Bf5 Rd1 32. Rxd1 Rxd1 33. Be4 Kc7 34. Bc2 Rd8 35. Rd2 Nd4 36. Bd1 c5 37. Ke1 Bg6 38. Rb2 Rb8 39. b4 Bd3 40. bxc5 Rxb2 41. Bxb2 Bxc4 42. Ba4 h4 43. gxh4 gxh4 44. Kf2 Bd5 45. f4 Bc6 46. fxe5 fxe5 47. Bd1 Be4 48. Ba4 Bc6 49. Bd1 Bd5 50. Ba4 Kb7 51. Bc3 Kc7 52. Bb2 Be6 53. Bc3 Bd7 54. Bd1 Kc6 55. Ba4+ Kc7 56. Bd1 Bb5 57. Ke3 Bc6 58. Kf2 Kd7 59. Bb2 Ke6 60. Bxd4 exd4 61. Be2 Bb7 62. Bc4+ Ke5 63. Be2 Bc8 64. Bf3 h3 65. gxh3 Bxh3 66. Ke2 Bf5 67. Bb7 Be6 68. Kd3 Bf5+ 69. Kc4 Be6+ 70. Kb4 d3 71. Kc3 Bf5 72. Bxa6 Kd5 73. Bxd3 Bxd3 74. c6 Kxc6 75. Kxd3 Kb5 76. a6 Kxa6 1/2-1/2


[Site "https://www.chess.com"]

[Event "Titled Tuesday Blitz July 25 Early 2023"]
[White "Donchenko, Alexander"]
[Black "Seemann, Jakub"]
[WhiteFideId "24603295"]
[BlackFideId "21874697"]
[WhiteElo "2828"]
[BlackElo "2658"]
[Result "1-0"]
[Round "7"]
[TimeControl "180+2"]
[Date "2023.07.25"]
[WhiteClock "0:00:46"]
[BlackClock "0:00:01"]
[Board "43"]

1. Nf3 Nf6 2. g3 g6 3. Bg2 Bg7 4. O-O O-O 5. d4 d6 6. b3 d5 7. c4 a5 8. Nc3 c6 9. Bb2 Bf5 10. e3 Ne4 11. Qe2 Nd7 12. cxd5 Nxc3 13. Bxc3 cxd5 14. Qb5 Be4 15. Rfc1 Nf6 16. Be1 Ra7 17. a4 Ne8 18. Ne5 Bxg2 19. Kxg2 Nd6 20. Qxd5 e6 21. Qc5 Ra6 22. Nc4 Ne4 23. Qb5 Rc6 24. Nxa5 Rb6 25. Qe2 Qd5 26. Qf3 f5 27. Rab1 g5 28. Rc5 Qd7 29. Nc4 Rc6 30. Rxc6 Qxc6 31. Kg1 g4 32. Qg2 b5 33. axb5 Qxb5 34. h4 Ra8 35. Nd6 Qd3 36. Rc1 h5 37. Nxe4 fxe4 38. Qf1 Qxb3 39. Qc4 Qxc4 40. Rxc4 Ra1 41. Kf1 Kf7 42. Ke2 Ra2+ 43. Bd2 Bf8 44. Rc1 Bb4 45. Rd1 Ke7 46. Ke1 Bd6 47. Rb1 Kd7 48. Rb5 Ra1+ 49. Ke2 Ra2 50. Kd1 Ra1+ 51. Kc2 Rf1 52. Rxh5 Rxf2 53. Rg5 Bxg3 54. Rxg4 Bd6 55. Kd1 Rh2 56. Rxe4 Be7 57. Be1 Kd6 58. Bg3+ Kd5 59. Re5+ 1-0


[Site "https://www.chess.com"]

[Event "Titled Tuesday Blitz July 25 Early 2023"]
[White "Martic, Ivan"]
[Black "Gharibyan, Mamikon"]
[WhiteFideId "929301"]
[BlackFideId "13308300"]
[WhiteElo "2631"]
[BlackElo "2799"]
[Result "1-0"]
[Round "7"]
[TimeControl "180+2"]
[Date "2023.07.25"]
[WhiteClock "0:00:22"]
[BlackClock "0:00:04"]
[Board "44"]

1. d4 Nf6 2. Nf3 e6 3. Bg5 c5 4. e3 Qb6 5. Na3 Ne4 6. Nc4 Qc6 7. Bf4 b5 8. Nce5 Qb7 9. Bd3 f6 10. Ng4 h5 11. Nge5 fxe5 12. Nxe5 c4 13. Ng6 cxd3 14. Nxh8 d2+ 15. Kf1 Qd5 16. Ng6 Nc6 17. f3 Nf6 18. c3 b4 19. Qxd2 Ba6+ 20. Kf2 bxc3 21. bxc3 Ba3 22. Rab1 Bc4 23. e4 Nxe4+ 24. fxe4 Qxe4 25. Ne5 Nxe5 26. Bxe5 Bd5 27. Rhg1 Kf7 28. h3 Kg6 29. Kg3 d6 30. Rbe1 Qf5 31. Rgf1 h4+ 32. Kh2 Qh5 33. Bf4 Kh7 34. c4 Bc6 35. Qd3+ Kg8 36. Qxa3 Qg6 37. d5 exd5 38. Qxd6 Qxd6 39. Bxd6 dxc4 40. Re7 c3 41. Be5 Rd8 42. Rxg7+ 1-0


[Site "https://www.chess.com"]

[Event "Titled Tuesday Blitz July 25 Early 2023"]
[White "Samunenkov, Ihor"]
[Black "Pinero Rodriguez, Carlos Jose"]
[WhiteFideId "14187086"]
[BlackFideId "3901726"]
[WhiteElo "2796"]
[BlackElo "2615"]
[Result "1-0"]
[Round "7"]
[TimeControl "180+2"]
[Date "2023.07.25"]
[WhiteClock "0:00:46"]
[BlackClock "0:00:09"]
[Board "45"]

1. e4 c5 2. Nf3 e6 3. d4 cxd4 4. Nxd4 a6 5. c4 Qc7 6. Nc3 Nf6 7. a3 b6 8. f4 d6 9. Bd3 Bb7 10. O-O Be7 11. f5 e5 12. Nf3 h6 13. Kh1 Nbd7 14. b4 Rc8 15. Bb2 b5 16. cxb5 axb5 17. Nxb5 Qb6 18. Nc3 O-O 19. Rc1 Rxc3 20. Bxc3 Nxe4 21. Be1 Ndf6 22. Qe2 Ra8 23. Bh4 Rxa3 24. Bxe4 Bxe4 25. Bxf6 Re3 26. Rc8+ Kh7 27. Ng5+ 1-0


[Site "https://www.chess.com"]

[Event "Titled Tuesday Blitz July 25 Early 2023"]
[White "Agibileg, Uurtsaikh"]
[Black "Hambleton, Aman"]
[WhiteFideId "4901606"]
[BlackFideId "2606577"]
[WhiteElo "2610"]
[BlackElo "2791"]
[Result "1-0"]
[Round "7"]
[TimeControl "180+2"]
[Date "2023.07.25"]
[WhiteClock "0:01:23"]
[BlackClock "0:00:00"]
[Board "46"]

1. d4 Nf6 2. c4 e6 3. Nc3 Bb4 4. f3 Nh5 5. Nh3 f5 6. a3 Bxc3+ 7. bxc3 O-O 8. e4 Nc6 9. Bd3 fxe4 10. Bg5 Qe8 11. fxe4 e5 12. d5 Na5 13. Nf2 d6 14. O-O Bd7 15. c5 dxc5 16. Be2 Nf4 17. Bxf4 Rxf4 18. Nd3 Rxf1+ 19. Qxf1 Qe7 20. Qf2 b6 21. Rf1 Nc4 22. a4 Nd2 23. Re1 Nxe4 24. Qe3 Nd6 25. Nxe5 Re8 26. Bh5 g6 27. Qg3 Qg7 28. Bg4 Bxg4 29. Nxg4 Rxe1+ 30. Qxe1 Qf7 31. Nh6+ Kg7 32. Nxf7 Kxf7 33. a5 bxa5 34. Qe6+ Kf8 35. Qd7 Ne8 36. Qc6 Ke7 37. Qxc5+ Kd7 38. Qxa5 Nf6 39. c4 Ne4 40. Qxa7 Nc3 41. Qa6 Ne2+ 42. Kf2 1-0


[Site "https://www.chess.com"]

[Event "Titled Tuesday Blitz July 25 Early 2023"]
[White "Fiorito, Joaquin"]
[Black "Nurgaliyeva, Zarina"]
[WhiteFideId "180173"]
[BlackFideId "13730096"]
[WhiteElo "2790"]
[BlackElo "2614"]
[Result "1/2-1/2"]
[Round "7"]
[TimeControl "180+2"]
[Date "2023.07.25"]
[WhiteClock "0:00:05"]
[BlackClock "0:00:04"]
[Board "47"]

1. d4 Nf6 2. c4 e6 3. Nc3 Bb4 4. f3 c5 5. d5 O-O 6. e4 d6 7. Ne2 b5 8. Ng3 exd5 9. cxd5 c4 10. a4 bxa4 11. Bxc4 Qb6 12. Qe2 Bd7 13. Be3 Bc5 14. Bxc5 Qxc5 15. Nxa4 Bxa4 16. Rxa4 Nbd7 17. Ra1 Rab8 18. b3 Ne5 19. Nf5 Nh5 20. g3 g6 21. Ne3 f5 22. exf5 Rfe8 23. O-O Nxc4 24. Qxc4 Qxe3+ 25. Kh1 Rxb3 26. fxg6 hxg6 27. Qg4 Kg7 28. Rae1 Qxe1 29. Rxe1 Rxe1+ 30. Kg2 Rb2+ 31. Kh3 Ree2 32. Qd7+ Kh6 33. Qxd6 Rxh2+ 34. Kg4 Rhg2 35. Qf8+ Kh7 36. Qe7+ Kh6 37. Qf8+ Kh7 38. Qf7+ Kh6 39. Qf8+ 1/2-1/2


[Site "https://www.chess.com"]

[Event "Titled Tuesday Blitz July 25 Early 2023"]
[White "Kantor, Gergely"]
[Black "ArtemDyachuk"]
[WhiteFideId "751499"]
[WhiteElo "2789"]
[BlackElo "2610"]
[Result "1-0"]
[Round "7"]
[TimeControl "180+2"]
[Date "2023.07.25"]
[WhiteClock "0:00:49"]
[BlackClock "0:00:23"]
[Board "48"]

1. e4 c6 2. d4 d5 3. exd5 cxd5 4. Bd3 Nc6 5. c3 Qc7 6. Ne2 e6 7. Bf4 Bd6 8. Bxd6 Qxd6 9. a4 Nge7 10. Na3 a6 11. O-O Bd7 12. b4 O-O 13. Qd2 Ng6 14. Bxg6 hxg6 15. Qf4 Qxf4 16. Nxf4 Rac8 17. a5 Ne7 18. Rfc1 Rc7 19. Nd3 Nf5 20. Nc5 Bc8 21. b5 e5 22. b6 Rc6 23. Nc2 exd4 24. cxd4 Re8 25. Nb4 Rd6 26. Re1 Kf8 27. Rxe8+ Kxe8 28. Rd1 Ne7 29. Re1 Kd8 30. f3 Rf6 31. Rxe7 Kxe7 32. Nxd5+ Kd6 33. Nxf6 gxf6 34. Kf2 Kd5 35. Ke3 Kc4 36. Ne4 Kd5 37. Nxf6+ Kc6 38. d5+ Kb5 39. Kd4 Kxa5 40. Kc5 Ka4 41. Ne4 Kb3 42. Nd6 a5 43. Nxc8 a4 44. d6 a3 45. d7 a2 46. d8=Q a1=Q 47. Qd5+ Kc2 48. Qe4+ Kb3 49. Qd3+ Ka2 50. Qc2+ Ka3 51. Qd3+ Ka2 52. Qc4+ Kb1 53. Qf1+ 1-0


[Site "https://www.chess.com"]

[Event "Titled Tuesday Blitz July 25 Early 2023"]
[White "Sipila, Vilka"]
[Black "Nenezic, Marko"]
[WhiteFideId "505455"]
[BlackFideId "912123"]
[WhiteElo "2608"]
[BlackElo "2788"]
[Result "1-0"]
[Round "7"]
[TimeControl "180+2"]
[Date "2023.07.25"]
[WhiteClock "0:01:05"]
[BlackClock "0:00:49"]
[Board "49"]

1. Nf3 Nf6 2. g3 g6 3. b3 b5 4. Bg2 Bb7 5. Bb2 Bg7 6. O-O O-O 7. d4 d6 8. c4 bxc4 9. bxc4 Nbd7 10. Nbd2 Rb8 11. Rb1 Ne4 12. Qc2 Nxd2 13. Nxd2 Bxg2 14. Kxg2 e5 15. e3 Rb7 16. c5 dxc5 17. dxc5 Nb8 18. Qe4 Rb5 19. a4 Ra5 20. Bc3 Ra6 21. Rb7 Re6 22. Rxa7 Nc6 23. Rb7 Qa8 24. Rfb1 Rd8 25. Nf3 Qa6 26. Rxc7 f5 27. Qc2 Bf6 28. Qa2 Re8 29. Rb6 1-0


[Site "https://www.chess.com"]

[Event "Titled Tuesday Blitz July 25 Early 2023"]
[White "Tsaruk, Maksim"]
[Black "Ezat, Mohamed"]
[WhiteFideId "13511173"]
[BlackFideId "10600906"]
[WhiteElo "2787"]
[BlackElo "2589"]
[Result "0-1"]
[Round "7"]
[TimeControl "180+2"]
[Date "2023.07.25"]
[WhiteClock "0:00:00"]
[BlackClock "0:00:30"]
[Board "50"]

1. e4 e5 2. Nf3 Nc6 3. Bc4 Nf6 4. d3 Be7 5. O-O O-O 6. Re1 d6 7. a4 Na5 8. Ba2 c5 9. Nc3 Nc6 10. Nd5 Nxd5 11. exd5 Nd4 12. c3 Nxf3+ 13. Qxf3 f5 14. Bc4 Bd7 15. a5 Bg5 16. b4 Bxc1 17. Raxc1 cxb4 18. cxb4 Qg5 19. d4 e4 20. Qe3 Qf6 21. Bb3 Rae8 22. Rc7 f4 23. Qc3 Rc8 24. Rxe4 f3 25. g3 Rxc7 26. Qxc7 Rc8 27. Qxc8+ Bxc8 28. Re8+ Kf7 29. Rxc8 Qxd4 30. Rc1 Qb2 31. Rc7+ Kf6 32. Bc4 Qc1+ 0-1


[Site "https://www.chess.com"]

[Event "Titled Tuesday Blitz July 25 Early 2023"]
[White "Zavgorodniy, Sergiy"]
[Black "Lobanov, Sergei"]
[WhiteFideId "14110148"]
[BlackFideId "24183750"]
[WhiteElo "2572"]
[BlackElo "2781"]
[Result "1-0"]
[Round "7"]
[TimeControl "180+2"]
[Date "2023.07.25"]
[WhiteClock "0:00:03"]
[BlackClock "0:00:00"]
[Board "51"]

1. e4 e5 2. Nf3 Nc6 3. d3 Nf6 4. Be2 d5 5. exd5 Nxd5 6. O-O Be7 7. Re1 O-O 8. c4 Nb6 9. a4 a5 10. Nc3 Bf5 11. Be3 Bf6 12. Qb3 Nd4 13. Bxd4 exd4 14. Nd5 Nxd5 15. cxd5 b6 16. Nd2 Be7 17. Ne4 Bb4 18. Red1 Qd7 19. Bf3 Qe7 20. Rac1 Rad8 21. Rc6 Rd7 22. Rdc1 Qe5 23. g3 h5 24. Qc4 Bxe4 25. dxe4 Bd6 26. Rd1 f5 27. Qxd4 Qxd4 28. Rxd4 fxe4 29. Bxe4 Bc5 30. Rd2 Rdf7 31. Bg6 Rxf2 32. Rxf2 Bxf2+ 33. Kg2 Bc5 34. Rxc7 Rf2+ 35. Kh3 Kf8 36. Bxh5 Rxb2 37. Rf7+ Kg8 38. Rd7 Kh7 39. Bf3 Rd2 40. Be4+ Kh6 41. Rd8 Kg5 42. Re8 Bg1 43. Re5+ Kh6 44. Re6+ g6 45. Rxg6+ Kh7 46. Kg4 Bxh2 47. Rxb6+ 1-0


[Site "https://www.chess.com"]

[Event "Titled Tuesday Blitz July 25 Early 2023"]
[White "Nagy, Gabor"]
[Black "Jaskolka, Tomasz"]
[WhiteFideId "737119"]
[BlackFideId "1170791"]
[WhiteElo "2781"]
[BlackElo "2529"]
[Result "1-0"]
[Round "7"]
[TimeControl "180+2"]
[Date "2023.07.25"]
[WhiteClock "0:00:45"]
[BlackClock "0:00:06"]
[Board "52"]

1. d4 d5 2. Nc3 Nf6 3. Bf4 c5 4. e3 Nc6 5. Nb5 e5 6. dxe5 Ne4 7. f3 g5 8. fxe4 gxf4 9. exf4 d4 10. Nf3 a6 11. Na3 b5 12. Be2 Rg8 13. O-O Bh3 14. Rf2 Bh6 15. Kh1 Bg4 16. g3 Qd7 17. Nh4 Bh3 18. Bf3 O-O-O 19. Nf5 Bf8 20. Qe2 c4 21. Nxc4 bxc4 22. Qxc4 Qb7 23. Rd1 Kb8 24. Bg2 Bxg2+ 25. Kxg2 h5 26. Qe2 Bc5 27. Rd3 Nb4 28. Rb3 d3 29. cxd3 Bxf2 30. Kxf2 Ka8 31. a3 Qa7+ 32. Kg2 Nc6 33. Qxh5 Nd4 34. Rc3 Nxf5 35. Qxf5 Qe3 36. Qf6 Qe2+ 37. Kg1 Qe1+ 38. Kg2 Qd2+ 39. Kg1 Qd1+ 40. Kf2 Qd2+ 41. Kf3 Qd1+ 42. Kf2 Qa4 43. Qxf7 Rgf8 44. Qe6 Qb5 45. Qb3 Qd7 46. e6 Qd4+ 47. Ke2 Rc8 48. e7 Rfe8 49. Qe6 Rxc3 50. Qxa6+ Kb8 51. Qb5+ Kc7 52. bxc3 Qxc3 53. Qxe8 Qc2+ 54. Kf3 Qd1+ 55. Kg2 Qe2+ 56. Kh3 Qf1+ 57. Kh4 Qg2 58. Qd8+ Kb7 59. Qd7+ Kb6 60. e8=Q Qxh2+ 61. Qh3 Qd2 62. Qhe6+ Kc5 63. Q8c6+ Kd4 64. Qb6+ Kc3 65. Qc4# 1-0


[Site "https://www.chess.com"]

[Event "Titled Tuesday Blitz July 25 Early 2023"]
[White "Tristan, Leonardo"]
[Black "only_strong_moves"]
[WhiteFideId "113816"]
[WhiteElo "2766"]
[BlackElo "2529"]
[Result "1-0"]
[Round "7"]
[TimeControl "180+2"]
[Date "2023.07.25"]
[WhiteClock "0:00:25"]
[BlackClock "0:00:03"]
[Board "53"]

1. d4 d5 2. Nf3 Nf6 3. Bf4 e6 4. e3 c5 5. Nbd2 Nc6 6. c3 Nh5 7. Bg5 f6 8. Bh4 g6 9. Bd3 cxd4 10. cxd4 Bd6 11. O-O O-O 12. Rc1 Bd7 13. a3 Rc8 14. Nb3 b6 15. Qe2 Qe7 16. Rc2 Qf7 17. Rfc1 Ne7 18. Bb5 Nf5 19. Bg3 Nhxg3 20. hxg3 e5 21. dxe5 fxe5 22. Bxd7 Qxd7 23. e4 Rxc2 24. Rxc2 Qa4 25. exf5 Qxb3 26. fxg6 hxg6 27. Rc6 Rf6 28. Nxe5 Re6 29. Qg4 d4 30. Nxg6 Kf7 31. Nf4 Rh6 32. Rc8 Ke7 33. Qg7+ 1-0


[Site "https://www.chess.com"]

[Event "Titled Tuesday Blitz July 25 Early 2023"]
[White "Schnaider, Ilan"]
[Black "ATM622"]
[WhiteFideId "169013"]
[WhiteElo "2765"]
[BlackElo "2525"]
[Result "0-1"]
[Round "7"]
[TimeControl "180+2"]
[Date "2023.07.25"]
[WhiteClock "0:00:04"]
[BlackClock "0:00:06"]
[Board "54"]

1. e4 c6 2. Nf3 d5 3. Nc3 dxe4 4. Nxe4 Nf6 5. Qe2 Nxe4 6. Qxe4 g6 7. Bc4 Bg7 8. d3 O-O 9. O-O Nd7 10. Qh4 Nf6 11. Bh6 Bg4 12. Ne5 Bf5 13. Rae1 Qc7 14. Bf4 Qb6 15. g4 Bc8 16. Be3 Qxb2 17. Bc5 Be6 18. Bxe7 Nd5 19. Bxf8 Bxe5 20. Bc5 Bf6 21. Qg3 Qxc2 22. f4 Kh8 23. Rf2 Qc3 24. Kh1 Qxe1+ 25. Kg2 b6 26. Bd6 Ne3+ 27. Kf3 Bxg4+ 28. Ke4 Nxc4+ 29. Qe3 Qxe3# 0-1


[Site "https://www.chess.com"]

[Event "Titled Tuesday Blitz July 25 Early 2023"]
[White "Khamdamova, Afruza"]
[Black "Bauman_Guy"]
[WhiteFideId "14210444"]
[WhiteElo "2523"]
[BlackElo "2755"]
[Result "0-1"]
[Round "7"]
[TimeControl "180+2"]
[Date "2023.07.25"]
[WhiteClock "0:00:00"]
[BlackClock "0:01:39"]
[Board "55"]

1. Nf3 d5 2. g3 c6 3. Bg2 Bg4 4. O-O Nd7 5. d4 Ngf6 6. c4 e6 7. Nc3 Bd6 8. h3 Bh5 9. Re1 O-O 10. Bg5 h6 11. Bxf6 Nxf6 12. g4 Bg6 13. Ne5 Bh7 14. e4 Bxe5 15. dxe5 Nxe4 16. Nxe4 Bxe4 17. Bxe4 dxe4 18. Rxe4 Qb6 19. Qb3 Rfd8 20. Qxb6 axb6 21. Kf1 Rd3 22. Re3 Rxe3 23. fxe3 Ra5 24. Ke2 Kf8 25. Kd3 Rxe5 26. b4 h5 27. Rg1 Rg5 28. e4 hxg4 29. hxg4 Ke7 30. Ke3 f5 31. exf5 exf5 32. c5 b5 33. Kf4 Rxg4+ 34. Rxg4 fxg4 35. Kxg4 Kf6 36. Kf4 Ke6 37. Kg5 Kd5 0-1


[Site "https://www.chess.com"]

[Event "Titled Tuesday Blitz July 25 Early 2023"]
[White "djokovic74"]
[Black "Koutlas, Nikolaos"]
[BlackFideId "25827138"]
[WhiteElo "2748"]
[BlackElo "2515"]
[Result "1-0"]
[Round "7"]
[TimeControl "180+2"]
[Date "2023.07.25"]
[WhiteClock "0:00:12"]
[BlackClock "0:00:02"]
[Board "56"]

1. e4 c5 2. Nf3 Nc6 3. d4 cxd4 4. Nxd4 Nf6 5. Nc3 d6 6. Be2 e5 7. Nf3 Be6 8. Bg5 Be7 9. Bxf6 Bxf6 10. O-O O-O 11. Nd5 Rc8 12. c3 Be7 13. Qd2 a6 14. Rfd1 Re8 15. Nxe7+ Rxe7 16. Qxd6 Rd7 17. Qa3 Rcc7 18. Kf1 Rxd1+ 19. Rxd1 Rd7 20. Rxd7 Qxd7 21. b3 f6 22. Qc5 b5 23. Qb6 Qc8 24. Ne1 Kf7 25. Nd3 Ne7 26. Nc5 Bg4 27. f3 Be6 28. Ke1 h5 29. Kd2 Bd7 30. Nxa6 Bc6 31. Nc5 Qa8 32. Na6 Qd8+ 33. Qxd8 1-0


[Site "https://www.chess.com"]

[Event "Titled Tuesday Blitz July 25 Early 2023"]
[White "Prohaszka, Peter"]
[Black "Garagulya, Konstantin"]
[WhiteFideId "726265"]
[BlackFideId "4128931"]
[WhiteElo "2746"]
[BlackElo "2508"]
[Result "0-1"]
[Round "7"]
[TimeControl "180+2"]
[Date "2023.07.25"]
[WhiteClock "0:00:00"]
[BlackClock "0:00:23"]
[Board "57"]

1. d4 d5 2. c3 Nf6 3. Nf3 h6 4. Bf4 c6 5. h3 Qb6 6. Qb3 Bf5 7. e3 Nbd7 8. Nbd2 e6 9. a4 a5 10. Ne5 Be7 11. g4 Qxb3 12. Nxb3 Bc2 13. Nc1 g5 14. Bg3 Nb6 15. b3 h5 16. Bg2 Ne4 17. Bh2 hxg4 18. hxg4 Nf6 19. f3 Nfd7 20. Ned3 f6 21. Kd2 Bxd3 22. Nxd3 Kf7 23. Bg3 Kg7 24. e4 Rae8 25. Rxh8 Rxh8 26. Rh1 Rxh1 27. Bxh1 Nc8 28. Bc7 b6 29. f4 Bd6 30. Bxd6 Nxd6 31. e5 Ne4+ 32. Bxe4 dxe4 33. f5 exd3 34. fxe6 Nb8 35. c4 fxe5 36. d5 cxd5 37. cxd5 Kf6 38. Kxd3 Na6 39. Kc4 Nc7 40. d6 Nxe6 41. Kb5 e4 0-1


[Site "https://www.chess.com"]

[Event "Titled Tuesday Blitz July 25 Early 2023"]
[White "Lopez, Henry"]
[Black "Schmakel, Sam"]
[WhiteFideId "5203830"]
[BlackFideId "2039311"]
[WhiteElo "2494"]
[BlackElo "2743"]
[Result "0-1"]
[Round "7"]
[TimeControl "180+2"]
[Date "2023.07.25"]
[WhiteClock "0:00:41"]
[BlackClock "0:01:01"]
[Board "58"]

1. d4 d5 2. Nf3 e6 3. c4 c6 4. Nc3 dxc4 5. a4 Bb4 6. e3 b5 7. Bd2 a5 8. Ne5 Nf6 9. axb5 Bxc3 10. Bxc3 cxb5 11. b3 Bb7 12. bxc4 b4 13. Qa4+ Nbd7 14. Bb2 O-O 15. Nxd7 Nxd7 16. c5 Qc7 17. f3 Bc6 18. Bb5 Bxb5 19. Qxb5 Rfb8 20. Qa4 e5 21. O-O exd4 22. exd4 Nf6 23. Qb3 Qc6 24. Ra4 Qd5 25. Qxd5 Nxd5 26. Rfa1 Rb5 27. Kf2 Kf8 28. g3 Ke7 29. Ke2 Kd7 30. Kd3 Kc6 31. Re1 Rbb8 32. Kc4 h5 33. Re5 Rd8 34. Rxh5 Ne3+ 35. Kd3 Nd1 36. Bc1 b3 37. Kd2 b2 0-1


[Site "https://www.chess.com"]

[Event "Titled Tuesday Blitz July 25 Early 2023"]
[White "Bryakin, Mikhail"]
[Black "Tomaszewski, Kacper"]
[WhiteFideId "4165314"]
[BlackFideId "1127373"]
[WhiteElo "2741"]
[BlackElo "2480"]
[Result "0-1"]
[Round "7"]
[TimeControl "180+2"]
[Date "2023.07.25"]
[WhiteClock "0:00:39"]
[BlackClock "0:00:40"]
[Board "59"]

1. e4 e5 2. d4 exd4 3. Qxd4 Nc6 4. Qd3 Bb4+ 5. Nc3 Nge7 6. Ne2 O-O 7. a3 Ba5 8. Bg5 f6 9. Bh4 d5 10. b4 Ne5 11. Qg3 Bb6 12. O-O-O d4 13. Na4 d3 14. Nec3 Bg4 15. f3 Be3+ 16. Kb1 Be6 17. f4 Nc4 18. Bxd3 Nxa3+ 19. Kb2 Qd4 20. Kxa3 a5 21. Rb1 axb4+ 22. Rxb4 Qxc3+ 23. Rb3 Bc5+ 0-1


[Site "https://www.chess.com"]